 Dungeon Crawl Stone Soup version 0.29.1-15-g9cfb28693d (webtiles) character file.

Game seed: 10470474075561611690

78 javelincjr the Magician (level 4, 0/31 HPs)
             Began as a Demonspawn Hedge Wizard on May 1, 2023.
             Slain by a gnoll sergeant
             ... wielding a +2 spear of flaming
              (3 damage)
             ... on level 7 of the Dungeon.
             The game lasted 00:09:06 (2820 turns).

javelincjr the Magician (Demonspawn Hedge Wizard)   Turns: 2820, Time: 00:09:06

Health: 0/31       AC: 11    Str: 10    XL:     4   Next: 15%
Magic:  4/9        EV: 12    Int: 18    God:
Gold:   114        SH:  0    Dex: 12    Spells: 4/9 levels left

rFire   . . .      SeeInvis .   k - +2 dagger (venom)
rCold   . . .      Faith    .   (no shield)
rNeg    . . .      Spirit   .   b - +0 robe
rPois   .          Reflect  .   c - +0 hat
rElec   .          Harm     .   e - +0 cloak
rCorr   .          Rampage  .   h - +0 pair of gloves
Will    .....                   l - +0 pair of boots
Stlth   +.........              s - amulet of the acrobat
HPRegen 0.10/turn               (no ring)
MPRegen 0.11/turn               (no ring)

@: sanguine armoured, very slow
A: sanguine armour 1
a: no special abilities


You were on level 7 of the Dungeon.
You visited 1 branch of the dungeon, and saw 5 of its levels.

You collected 114 gold pieces.

Inventory:

Hand Weapons
 a - a +0 dagger
 k - a +2 dagger of venom (weapon)
Armour
 b - a +0 robe (worn)
 c - a +0 hat (worn)
 e - a +0 cloak (worn)
 h - a +0 pair of gloves (worn)
 l - a +0 pair of boots (worn)
 p - a +0 buckler
Jewellery
 j - an amulet of guardian spirit
 s - an amulet of the acrobat (around neck)
Scrolls
 f - 7 scrolls of identify {unknown}
 n - a scroll of butterflies {unknown}
 q - a scroll of immolation {unknown}
 r - a scroll of enchant weapon {unknown}
 u - a scroll of magic mapping {unknown}
 v - a scroll of fear {unknown}
 x - a scroll of teleportation {unknown}
Potions
 d - a potion of magic
 g - a potion of heal wounds {unknown}
 i - a potion of haste {unknown}
 m - 4 potions of attraction {unknown}
 o - 2 potions of curing {unknown}
 t - 2 potions of degeneration {unknown}
 w - a potion of invisibility {unknown}


   Skills:
 + Level 0.5 Fighting
 + Level 2.2 Dodging
 + Level 2.1 Stealth
 + Level 0.5 Shields
 * Level 3.3 Spellcasting
 + Level 1.6 Conjurations
 + Level 1.5 Summonings
 + Level 1.6 Translocations


You had 4 spell levels left.
You knew the following spells:

 Your Spells              Type           Power      Damage    Failure   Level
a - Magic Dart            Conj           36%        1d4       8%          1
b - Blink                 Tloc           16%        N/A       12%         2
c - Call Imp              Summ           8%         N/A       12%         2

Your spell library contained the following spells:

 Spells                   Type           Power      Damage    Failure   Level
 Slow                     Hex            12%        N/A       16%         1
 Conjure Flame            Conj/Fire      6%         6-21      32%         3
 Mephitic Cloud           Conj/Pois/Air  5%         N/A       36%         3


Dungeon Overview and Level Annotations

Branches:
Dungeon (4/15)
 Temple: D:4-7

Altars:
Sif Muna

Shops:
D:1 ([[


Innate Abilities, Weirdness & Mutations

When seriously injured, your blood forms armour. (AC +6)


Message History

Casting: Magic Dart (safe; 8% risk of failure)
Confirm with . or Enter, or press ? or * to list all spells.
You blink.
Casting: Blink (safe; 12% risk of failure)
Confirm with . or Enter, or press ? or * to list all spells.
Aiming: Magic Dart (safe; 8% risk of failure)
Press: ? - help, Shift-Dir - straight line, f - gnoll sergeant
Aim: a gnoll sergeant, wielding a +2 spear of flaming and wearing a +0 scale mail (translocational energy, heavily wounded, very poisoned, 100% to hit)
The magic dart hits the gnoll sergeant but does no damage.
The gnoll sergeant is heavily wounded.
You feel stable enough to blink again.
There is an open door here.
Casting: Magic Dart (safe; 8% risk of failure)
Confirm with . or Enter, or press ? or * to list all spells.
You miscast Blink.
You are very lightly contaminated with residual magic.
Nothing appears to happen.
The gnoll sergeant hits you from afar with a +2 spear of flaming.
* * * LOW HITPOINT WARNING * * *
The gnoll sergeant burns you.
* * * LOW HITPOINT WARNING * * *
There is a shimmering blue altar of Sif Muna here.
You enter the shallow water.
Moving in this stuff is going to be slow.
Your magical contamination has completely faded away.
The gnoll sergeant hits you but does no damage.
The gnoll sergeant completely misses you.
You hit the gnoll sergeant.
The gnoll sergeant looks even sicker.
The gnoll sergeant is almost dead.
The gnoll sergeant hits you with a +2 spear of flaming.
* * * LOW HITPOINT WARNING * * *
The gnoll sergeant burns you.
* * * LOW HITPOINT WARNING * * *
Your unstable footing causes you to fumble your attack.
The gnoll sergeant barely misses you.
You hit the gnoll sergeant but do no damage.
You punch the gnoll sergeant, but do no damage.
The gnoll sergeant is almost dead.
The gnoll sergeant hits you with a +2 spear of flaming.
You die...

#.........#
#.........#
#.........#
#.........#
#.........#
#........
#..)..#######
#.###~~~~~##
#)##~~@~~~~#
#.##~~g..~~#
#g##~~._.~~#
#g##~~...~~#
#.##~~~g~~~#
#.###~~.~~##
#.#####'###
#..####.#
##......#


You could see a gnoll sergeant (very poisoned) and a gnoll.

Vanquished Creatures
  A gnoll (D:2)
  An adder (D:4)
  A dart slug (D:2)
  2 endoplasms (D:1)
  A giant cockroach (D:1)
  2 hobgoblins
  A quokka (D:3)
  2 ball pythons (D:1)
  7 bats
  5 frilled lizards
  6 goblins
  4 kobolds
  5 rats
38 creatures vanquished.

Vanquished Creatures (collateral kills)
  2 gnolls (D:7)
2 creatures vanquished.

Grand Total: 40 creatures vanquished

Notes
Turn   | Place    | Note
-------+----------+-------------------------------------------
     0 | D:1      | javelincjr the Demonspawn Hedge Wizard began the quest for
                  | the Orb.
     0 | D:1      | Reached XP level 1. HP: 13/13 MP: 4/4
    53 | D:1      | Reached skill level 1 in Translocations
   275 | D:1      | Found Ulasmaga's Antique Armour Boutique.
   302 | D:1      | Gained mutation: When seriously injured, your blood forms
                  | armour. (AC +6) [demonic ancestry]
   302 | D:1      | Reached XP level 2. HP: 19/19 MP: 0/6
   408 | D:1      | Found Gedaum's Antique Weapon Shop.
   702 | D:1      | Found Xohie's Armour Emporium.
   887 | D:1      | Found a faded altar of an unknown god.
  1694 | D:2      | Reached XP level 3. HP: 24/24 MP: 7/7
  2753 | D:4      | Learned a level 2 spell: Blink
  2756 | D:4      | Learned a level 2 spell: Call Imp
  2757 | D:4      | You fall into a shaft and drop 3 floors!
  2757 | D:7      | Found a shimmering blue altar of Sif Muna.
  2785 | D:7      | Noticed a gnoll sergeant
  2791 | D:7      | Reached XP level 4. HP: 21/31 MP: 5/9
  2820 | D:7      | Slain by a gnoll sergeant

Illustrated notes

Levels and vault maps discovered:
D:1:      mrwooster_arrival_statue_2, layout_rooms, serial_shops,
          nicolae_shop_trees, shop, nicolae_shop_stone,
          hellmonk_ecumenical_altar_inner_sanctum, grunt_decor_clamped,
          kennysheep_another_room
D:2:      layout_basic, kennysheep_generic_room_8
D:3:      layout_basic
D:4:      layout_basic, portal_sewer_entry_e
D:7:      layout_basic, led_sif_pool, gammafunk_ghost_split

Skill      XL: |  1  2 |
---------------+-------+-----
Translocations | 1 |  1.6
Dodging        | 2 |  2.2
Stealth        | 2 |  2.1
Fighting       | |  0.5
Shields        | |  0.5
Spellcasting   | |  3.3
Conjurations   | |  1.6
Summonings     | |  1.5

Action                   |  1- 3 |  4- 6 || total
-------------------------+-------+-------++-------
Melee: Dagger            |    36 |     7 ||    43
       Punch             |       |     1 ||     1
 Cast: Magic Dart        |    53 |     1 ||    54
       Call Imp          |     1 |       ||     1
       Blink             |       |     1 ||     1
 Stab: Sleeping          |     5 |       ||     5
Armor: Robe              |     6 |     1 ||     7
Dodge: Dodged            |    35 |     4 ||    39
